 Dungeon Sprint DCSS version 0.18-a0-1800-gdc7a371 (webtiles) character file.

7 Kidiri the Sneak (level 1, -1/9 HPs)
             Began as a Spriggan Enchanter on Apr 24, 2016.
             Killed by nerve-wracking pain
             ... invoked by Menkaure
              (9 damage)
             ... in the Dungeon (Sprint II: "The Violet Keep of Menkaure").
             The game lasted 00:00:22 (26 turns).

Kidiri the Sneak (Spriggan Enchanter)                 Turns: 26, Time: 00:00:23

Health: -1/9       AC:  3    Str:  4    XL:     1   Next: 83%
Magic:  4/5        EV: 19    Int: 16    God:
Gold:   0          SH:  0    Dex: 16    Spells: 1 memorised, 5 levels left

rFire  . . .     SeeInvis +     a - +1 dagger
rCold  . . .     Gourm    .     b - +1 robe
rNeg   . . .     Faith    .     (shield restricted)
rPois  .         Spirit   .     (helmet restricted)
rElec  .         Dismiss  .     (no cloak)
rCorr  .         Reflect  .     (gloves unavailable)
SustAt .         Harm     .     (boots unavailable)
MR     .....     NoTele   +     (no amulet)
Stlth  +++.......               (no ring)
                                (no ring)

@: very quick, not resistant to hostile enchantments, fairly stealthy
A: unfitting armour, see invisible, herbivore 3, speed 3, slow metabolism 2
a: no special abilities


You were in the Dungeon.
You were not hungry.

You visited 1 branch

Inventory:

Hand Weapons
 a - a +1 dagger (weapon)
Armour
 b - a +1 robe (worn)
Scrolls
 j - a scroll of blinking
Potions
 e - a potion of curing
 f - a potion of heal wounds
 g - a potion of haste
 h - 2 potions of magic
 i - a potion of berserk rage
Books
 c - a book of Maledictions

   Spells                             Type                      Level
   a - Corona                         Hexes                        1
   b - Ensorcelled Hibernation        Hexes/Ice                    2
   c - Confuse                        Hexes                        3
   d - Tukima's Dance                 Hexes                        3
   e - Dazzling Spray                 Conjuration/Hexes            3
Comestibles
 d - a bread ration


   Skills:
 + Level 0.5 Fighting
 * Level 1.9 Short Blades
 + Level 0.4 Armour
 * Level 4.0 Dodging
 * Level 4.7 Stealth
 * Level 3.4 Spellcasting
 + Level 3.7 Hexes


You had 5 spell levels left.
You knew the following spells:

 Your Spells              Type           Power        Failure   Level  Hunger
a - Corona                Hex            ##.....      4%          1    None


Dungeon Overview and Level Annotations

Branches:
Dungeon (1/1)

Altars:

Annotations:
D Menkaure


Innate Abilities, Weirdness & Mutations

You are tiny and cannot use many weapons and most armour.
You have supernaturally acute eyesight.
You are a herbivore.
You cover ground extremely quickly.
You need consume almost no food.


Message History

The helpless Menkaure fails to defend himself.
You impale Menkaure!!
Menkaure is severely damaged.
Unknown command.
Casting: Corona
Confirm with . or Enter, or press ? or * to list all spells.
Aiming: Corona
Press: ? - help, Shift-Dir - straight line, f - Menkaure
Aim: Menkaure (severely damaged, chance to defeat MR: 50%) Menkaure is outlined in light.
Menkaure hits you.
You hit Menkaure.
Menkaure is almost destroyed.
Menkaure casts a spell.
Menkaure seems to speed up.
You hit Menkaure but do no damage.
Menkaure is almost destroyed.
Menkaure casts a spell at you. Pain shoots through your body!
Ouch! That really hurt!
You die...

## ## ### H# #H
..# # $#. ###..##
#a #+###%##..#
#a.##.##.%.#..#
#+.<.'$##'..###
#a.##.####.#@...#
#a #+#
#w##M.§...≈≈ #
.#. ## ≈≈.§...§#
.B B. ≈≈≈≈≈≈.§≈#
##.
$##≈≈§≈≈§†≈.≈# ##
##≈≈≈≈§≈§§≈≈≈#
≈≈≈≈≈≈≈§≈≈§§#
+++#≈≈≈§≈≈§≈§#


You could see Menkaure.

Vanquished Creatures
  2 worms (D)
2 creatures vanquished.

Vanquished Creatures (others)
  A crocodile (D)
1 creature vanquished.

Grand Total: 3 creatures vanquished

Notes
Turn   | Place    | Note
--------------------------------------------------------------
     0 | D        | Kidiri the Spriggan Enchanter began the quest for the Orb.
     0 | D        | Reached XP level 1. HP: 9/9 MP: 5/5
     1 | D        | Noticed a hippogriff
     1 | D        | Noticed a hippogriff
     4 | D        | Noticed a worker ant
     4 | D        | Noticed a worker ant
     4 | D        | Noticed a worker ant
     4 | D        | Noticed a worker ant
     4 | D        | Killed a crocodile
     7 | D        | Noticed a boulder beetle
     7 | D        | Noticed a boulder beetle
    20 | D        | Noticed Menkaure
    26 | D        | Killed from afar by Menkaure

Vault maps used:
D:        the_violet_keep_of_menkaure

Skill      XL: |  1 |
---------------+----+-----
Spellcasting   | 3 |  3.4
Dodging        | 4 |  4.0
Fighting       | |  0.5
Short Blades   | |  1.9
Armour         | |  0.4
Stealth        | |  4.7
Hexes          | |  3.7

Action                   || total
-------------------------++-------
Melee: Dagger            ||     5
 Cast: Corona            ||     1
 Stab: Sleeping          ||     3
